 Dungeon Crawl Stone Soup version 0.24-a0-769-g368c1644f8 (webtiles) character file.

Game seed: 1463305129771536006, levelgen mode: deterministic

2389 Masnef the Basher (level 9, -2/59 HPs)
             Began as a Kobold Fighter on Oct 4, 2019.
             Was a Believer of Okawaru.
             Slain by an ice beast (13 damage)
             ... on level 7 of the Dungeon.
             The game lasted 00:19:09 (7930 turns).

Masnef the Basher (Kobold Fighter)                  Turns: 7930, Time: 00:19:09

Health: -2/59      AC:  9    Str: 17    XL:     9   Next: 74%
Magic:  7/9        EV: 15    Int:  9    God:    Okawaru [**....]
Gold:   264        SH: 12    Dex: 14    Spells: 8/8 levels left

rFire    . . .     SeeInvis .   p - +2 mace (crush)
rCold    . . .     Gourm    .   c - +1 shield
rNeg     . . .     Faith    .   b - +0 scale mail
rPois    .         Spirit   .   (no helmet)
rElec    .         Reflect  .   y - +0 cloak
rCorr    .         Harm     .   (no gloves)
MR       .....                  (no boots)
Stlth    ++........             (no amulet)
HPRegen  0.19/turn              j - ring of stealth
MPRegen  0.11/turn              (no ring)

@: heroism, studying Fighting, drained
A: small, carnivore
a: Heroism, Renounce Religion


You were on level 7 of the Dungeon.
You worshipped Okawaru.
Okawaru was pleased with you.
You were completely stuffed.

You visited 2 branches of the dungeon, and saw 10 of its levels.
You also visited: Sewer.

You collected 264 gold pieces.

Inventory:

Hand Weapons
 a - a +0 flail
 p - a +2 mace of crushing (weapon)
Armour
 b - a +0 scale mail (worn)
 c - a +1 shield (worn)
 o - a +1 plate armour of poison resistance
 y - a +0 cloak (worn)
Jewellery
 j - a ring of stealth (left hand)
Scrolls
 e - a scroll of enchant armour
 h - 2 scrolls of teleportation
 i - 2 scrolls of fear
 l - 4 scrolls of identify
 m - a scroll of amnesia
 q - 3 scrolls of blinking
 r - 3 scrolls of remove curse
 t - 2 scrolls of noise
 v - a scroll of fog {unknown}
 x - 2 scrolls of enchant weapon
 A - a scroll of immolation {unknown}
Potions
 g - 3 potions of heal wounds
 k - a potion of brilliance
 n - 8 potions of curing
 u - a potion of magic
 w - a potion of ambrosia {unknown}
 z - a potion of flight
Books
 d - a manual of Fighting
Comestibles
 f - 9 rations
 s - 2 chunks of flesh


   Skills:
 * Level 8.0(11.9) Fighting
 + Level 8.2(12.1) Maces & Flails
 + Level 5.3(9.3) Armour
 * Level 5.3(9.2) Dodging
 - Level 2.4(6.4) Shields


You had 8 spell levels left.
You didn't know any spells.
Your spell library contained the following spells:

 Spells                   Type           Power        Failure   Level  Hunger
 Animate Skeleton         Necr           N/A          99%         1    ##.....
 Pain                     Necr           #...         99%         1    ##.....
 Regeneration             Chrm/Necr      #.........   100%        3    ####...
 Vampiric Draining        Necr           #.........   100%        3    ####...
 Animate Dead             Necr           N/A          100%        4    #####..


Dungeon Overview and Level Annotations

Branches:
Dungeon (9/15)             Temple (1/1) D:4           Sewer (visited)
   Lair: D:8-11         Orc: D:9-12

Altars:
Ashenzari
Cheibriados
Dithmenos
Elyvilon
Fedhas
Gozag
Kikubaaqudgha
Makhleb
Nemelex Xobeh
Okawaru
Qazlal
Ru
Sif Muna
Trog
Uskayaw
Vehumet
Wu Jian
Xom
Yredelemnul
Zin
The Shining One

Annotations:
D:3 3 runed translucent doors, Arixos's ghost, weakling DEWz; Fateric95's ghost, amateur TrFi; Mame's ghost, novice HOFi; gouglew's ghost, weakling GrFi
D:8 Prince Ribbit
D:9 Gastronok


Innate Abilities, Weirdness & Mutations

You are small and have problems with some larger weapons.
You are carnivorous and can eat meat at any time.


Message History

Your shield and scale mail prevent you from hitting the ice beast.
The ice beast is moderately wounded.
The ice beast hits you. The ice beast freezes you!
The ice beast hits you but does no damage.
You hit the ice beast.
The ice beast is moderately wounded.
The ice beast hits you. The ice beast freezes you!
You are too injured to fight recklessly!
You gain the combat prowess of a mighty hero.
The ice beast misses you.
Your shield prevents you from hitting the ice beast.
The ice beast is moderately wounded.
The ice beast hits you. The ice beast freezes you!
* * * LOW HITPOINT WARNING * * *
You hit the ice beast.
The ice beast is heavily wounded.
The ice beast hits you.
* * * LOW HITPOINT WARNING * * *
The ice beast freezes you!
You die...

#.#....###.......###
# #...## #.....!....
###.# #..........
..####....(.....
##...............
#+.+#####.........
.... #.#.###...
..... ###.#..##...
.Y....#@..........
....".Y.≈≈≈≈≈≈≈..
........≈#####≈...
........≈# ≈...
...?....≈. ...
........≈#.
........≈###
...>..+.≈≈
.Y....#...


You could see an ice beast.

Vanquished Creatures
  A hornet (D:5)
  3 phantoms
  2 ice beasts (D:7)
  An orc warrior (D:5)
  An eye of draining (D:9)
  3 ogres
  A centaur (D:6)
  2 scorpions
  7 wights
  A bullfrog zombie (D:4)
  3 crimson imps
  A centaur zombie (D:6)
  5 hounds
  2 jellies
  Crazy Yiuf (D:5)
  2 orc wizards
  An orc priest (D:3)
  A centaur skeleton (D:4)
  3 worker ants
  A worker ant zombie (D:5)
  2 gnolls
  A howler monkey skeleton (D:5)
  8 adders
  4 river rats
  An adder zombie (D:9)
  5 worms
  2 leopard geckos
  4 orcs
  8 bats
  4 giant cockroaches
  6 hobgoblins
  2 jackals (D:9)
  3 quokkas
  7 ball pythons
  7 frilled lizards
  13 goblins
  5 kobolds
  A leopard gecko skeleton (D:6)
  9 rats
134 creatures vanquished.

Notes
Turn   | Place    | Note
-------+----------+-------------------------------------------
     0 | D:1      | Masnef the Kobold Fighter began the quest for the Orb.
     0 | D:1      | Reached XP level 1. HP: 14/14 MP: 1/1
   157 | D:1      | Reached XP level 2. HP: 19/19 MP: 2/2
   485 | D:1      | Reached XP level 3. HP: 22/23 MP: 3/3
   614 | D:2      | Found a stormy altar of Qazlal.
  1033 | D:2      | Reached XP level 4. HP: 24/28 MP: 4/4
  1170 | D:2      | Found a snail-covered altar of Cheibriados.
  1582 | D:2      | Reached XP level 5. HP: 32/32 MP: 5/5
  2116 | D:3      | Reached skill level 5 in Maces & Flails
  2239 | D:3      | Found a runed translucent gate.
  2239 | D:3      | Found a runed translucent gate.
  2239 | D:3      | Found a runed translucent gate.
  2239 | D:3      | Noticed Arixos's ghost (weakling DEWz)
  2239 | D:3      | Noticed Fateric95's ghost (amateur TrFi)
  2240 | D:3      | Noticed Mame's ghost (novice HOFi)
  2240 | D:3      | Noticed gouglew's ghost (weakling GrFi)
  2526 | D:4      | Found a glowing drain.
  2552 | D:4      | Reached XP level 6. HP: 29/37 MP: 6/6
  2570 | Sewer    | Entered a sewer
  3574 | D:4      | Noticed a phantom
  3581 | D:4      | Killed a phantom
  3581 | D:4      | Reached XP level 7. HP: 28/41 MP: 7/7
  4166 | D:4      | Reached skill level 1 in Dodging
  4548 | D:4      | Found a staircase to the Ecumenical Temple.
  4557 | Temple   | Entered the Ecumenical Temple
  4731 | Temple   | Became a worshipper of Warmaster Okawaru
  4800 | D:5      | Entered Level 5 of the Dungeon
  4897 | D:5      | Noticed a hornet
  4907 | D:5      | Paralysed by a hornet for 2 turns
  4917 | D:5      | Killed a hornet
  4917 | D:5      | Reached XP level 8. HP: 37/48 MP: 8/8
  4921 | D:5      | Reached * piety under Okawaru
  5555 | D:5      | Found a runed translucent door.
  5556 | D:5      | Noticed Crazy Yiuf
  5996 | D:5      | Killed Crazy Yiuf
  6389 | D:6      | Reached skill level 5 in Fighting
  6744 | D:6      | Reached XP level 9. HP: 30/54 MP: 9/9
  6973 | D:6      | You fall into a shaft and drop 3 floors!
  6987 | D:9      | Reached skill level 5 in Armour
  7284 | D:9      | Found a stormy altar of Qazlal.
  7285 | D:9      | Found a sacrificial altar of Ru.
  7286 | D:9      | Found a hide-covered altar of Uskayaw.
  7286 | D:9      | Noticed Gastronok
  7343 | D:8      | Noticed Prince Ribbit
  7459 | D:8      | Reached ** piety under Okawaru
  7755 | D:7      | Reached skill level 5 in Dodging
  7895 | D:7      | Found a white marble altar of Elyvilon.
  7930 | D:7      | Slain by an ice beast

Levels and vault maps discovered:
D:1:      evilmike_arrival_fibonacci_small, layout_basic,
          minmay_misc_feat_secret_circle, st_stairs_13
D:2:      layout_rooms, old_standard_altar, nicolae_qazlal_eye_of_the_storm
D:3:      layout_basic, first_ration, gammafunk_ghost_cemetery
D:4:      layout_loops_ring, minmay_temple_entry_overgrown,
          portal_sewer_entry_a, minmay_quadrilaterals
D:5:      layout_loops_corners, minmay_misc_feat_nine_boxes, minmay_manual_moon,
          uniq_crazy_yiuf_cottage
D:6:      layout_loops_cross, uniq_grinder
D:7:      layout_basic, nicolae_overflow_crystal_walls, enter_bailey_3
D:8:      layout_gridville, lemuel_round_altar, grunt_ogre_cave,
          nicolae_evil_shop, uniq_prince_ribbit1, uniq_maurice
D:9:      layout_long_grid, grunt_temple_overflow_open, david_lair_shrubbed,
          uniq_gastronok
Temple:   eino_temple_rhombus

Skill      XL: |  1  2  3  4  5  6  7  8  9 |
---------------+----------------------------+-----
Maces & Flails | 2 3 4 5 6 7 8 |  8.2
Armour         | 3 4 5 |  5.3
Dodging        | 2 3 5 |  5.3
Fighting       | 5 8 |  8.0
Shields        | |  2.4

Action                   |  1- 3 |  4- 6 |  7- 9 || total
-------------------------+-------+-------+-------++-------
Melee: Flail             |   130 |    14 |       ||   144
       Mace              |       |   147 |   376 ||   523
Invok: Heroism           |       |       |     2 ||     2
  Use: Scroll            |       |     1 |    13 ||    14
       Potion            |       |       |     9 ||     9
  Eat: Chunk             |     9 |     8 |    15 ||    32
Armor: Scale mail        |    57 |    38 |    84 ||   179
       Plate armour      |       |    46 |       ||    46
       Skin              |       |       |     9 ||     9
Dodge: Dodged            |    47 |    42 |   135 ||   224
Block: Shield            |    70 |    87 |   150 ||   307

Table legend:
 A = Non-vault XP
 B = Vault XP
 C = Vault XP percentage of total XP
 D = Non-vault monster count
 E = Vault monster count
 F = Vault count percentage of total count
                 A         B        C        D         E       F
            +---------+---------+-------+---------+---------+-------
      Total |    2663 |     751 |  22.0 |     104 |      30 |  22.4
            +---------+---------+-------+---------+---------+-------
        D:1 |      34 |       1 |   2.9 |      22 |       1 |   4.3
        D:2 |     102 |       0 |   0.0 |      21 |       0 |   0.0
        D:3 |     114 |       0 |   0.0 |      14 |       0 |   0.0
        D:4 |     378 |     147 |  28.0 |      10 |       8 |  44.4
        D:5 |     344 |     524 |  60.4 |       7 |       5 |  41.7
        D:6 |     352 |       0 |   0.0 |       7 |       0 |   0.0
        D:7 |     699 |       0 |   0.0 |       9 |       0 |   0.0
        D:8 |     197 |       0 |   0.0 |       4 |       0 |   0.0
        D:9 |     443 |       0 |   0.0 |      10 |       0 |   0.0
      Sewer |       0 |      79 | 100.0 |       0 |      16 | 100.0
            +---------+---------+-------+---------+---------+-------
